Map: 킹스 코브 - 래더

Players

LiquidTaeJa (TaeJa) - Winner!

  • Race: Terran Terran
  • League: Diamond
  • Spawn Location: 5:00

DnS

  • Race: Protoss Protoss
  • Spawn Location: 11:00

Event: 2019 Assembly Summer

VOD

https://youtu.be/Fbsu6y3YaBQ

Description

Time

  • Played on: Aug. 1, 2019, 1:37 p.m.
  • Length: 16:01

All games in this series

Show
View Real Time Build Order
Export as new Build Order

LiquidTaeJa Terran - Winner!

Build Orders: Gas First Reaper Expand, Banshee Rush 

Get SALT Encoding   

  12  0:00  SCV  
  13  0:13  SCV  
  14  0:17  Supply Depot  
  14  0:25  SCV  
  14  0:28  Refinery  
  15  0:39  SCV  
  16  0:45  Barracks  
  16  0:51  SCV  
  17  1:03  SCV  
  18  1:18  SCV  
  19  1:31  Orbital Command  
  19  1:32  Reaper  
  20  1:49  Command Center  
  20  1:58  SCV  
  21  2:05  Factory  
  21  2:07  Barracks Reactor  
  21  2:11  SCV  
  22  2:18  Supply Depot  
  22  2:23  SCV  
  22  2:26  Refinery  
  23  2:39  SCV  
  24  2:48  Starport  
  24  2:52  SCV  
  24  2:54  Hellion x2  
  29  3:01  Orbital Command  
  29  3:08  SCV  
  30  3:14  Barracks Tech Lab  
  30  3:16  Hellion  
  30  3:18  Hellion  
  34  3:20  SCV  
  36  3:27  SCV  
  36  3:32  SCV  
  37  3:39  Cloaking Field, Banshee  
  40  3:42  Widow Mine  
  39  3:50  SCV x2  
  39  3:51  Supply Depot  
  39  3:53  Widow Mine  
  39  3:54  Barracks Tech Lab  
  43  4:02  SCV x2  
  43  4:14  SCV x2  
  43  4:22  Supply Depot, Banshee  
  44  4:24  Marine x2  
  44  4:26  SCV x2  
  44  4:28  Siege Tank  
  44  4:29  Bunker  
  51  4:37  Supply Depot  
  51  4:38  SCV  
  51  4:39  SCV  
  51  4:42  Marine  
  51  4:44  Marine  
  55  4:51  SCV x2  
  56  5:04  SCV x2  
  56  5:06  Command Center  
  58  5:07  Raven  
  60  5:15  Marine x2  
  60  5:18  SCV x2  
  61  5:30  SCV  
  61  5:31  SCV  
  61  5:33  Marine x2, Barracks x2  
  61  5:34  Siege Tank  
  68  5:40  Supply Depot, Refinery  
  68  5:43  SCV x2  
  68  5:46  Refinery  
  70  6:00  Engineering Bay  
  70  6:01  SCV x2  
  70  6:03  Supply Depot, Engineering Bay  
  72  6:10  Marine x2  
  74  6:11  Starport Reactor  
  74  6:13  SCV x2  
  76  6:19  Orbital Command  
  76  6:25  SCV x2  
  76  6:28  Combat Shield, Terran Infantry Weapons Level 1  
  76  6:29  Stimpack, Marine  
  76  6:30  Marine x3  
  76  6:31  Factory Tech Lab  
  82  6:34  Terran Infantry Armor Level 1  
  82  6:37  SCV x2  
  84  6:43  Orbital Command  
  84  6:49  Marine x2, Marauder x2  
  84  6:50  SCV x2  
  92  6:55  Siege Tank  
  92  7:01  Supply Depot  
  95  7:02  Barracks, SCV x2  
  95  7:07  Barracks  
  95  7:08  Marine x2  
  99  7:14  SCV x2  
  101  7:17  Supply Depot  
  101  7:23  Marauder x2, SCV  
  101  7:25  Refinery x2  
  101  7:26  SCV x2  
  101  7:27  Supply Depot  
  101  7:29  Supply Depot  
  108  7:35  SCV  
  109  7:38  Siege Tank  
  109  7:39  SCV  
  109  7:41  Missile Turret  
  109  7:44  Marine x2  
  114  7:47  Medivac  
  114  7:48  Medivac, SCV x2  
  114  7:51  SCV  
  122  7:58  Armory, Supply Depot  
  122  8:00  Concussive Shells, Barracks Reactor, Barracks Tech Lab  
  122  8:02  Marauder x2  
  122  8:03  SCV x2  
  128  8:10  SCV  
  128  8:12  Command Center  
  129  8:13  Marine x2  
  129  8:19  Medivac x2  
  135  8:20  Supply Depot  
  135  8:21  Supply Depot  
  135  8:22  Siege Tank  
  138  8:30  Marine, Marauder  
  141  8:38  Ghost Academy  
  141  8:41  Marauder  
  141  8:44  Marine x4  
  141  8:45  Terran Infantry Weapons Level 2, Terran Infantry Armor Level 2  
  141  8:48  Terran Vehicle Weapons Level 1, Marauder  
  149  8:49  Supply Depot  
  149  8:52  Supply Depot  
  149  8:55  Supply Depot, Missile Turret, Medivac  
  151  9:01  Supply Depot, Marauder  
  153  9:07  Siege Tank  
  156  9:10  Marine x4  
  160  9:21  Ghost  
  160  9:22  Ghost  
  162  9:29  Marine x4  
  164  9:38  SCV x3  
  167  9:40  Refinery  
  167  9:42  Siege Tank  
  170  9:50  SCV x3  
  170  9:51  Factory  
  170  9:52  Factory, Refinery  
  172  9:56  Ghost  
  172  9:57  Ghost  
  176  10:02  Planetary Fortress  
  176  10:04  Marine x2  
  173  10:15  Ghost  
  173  10:16  Marine x2  
  173  10:18  Siege Tank  
  180  10:25  Command Center, Sensor Tower  
  180  10:31  SCV x2  
  180  10:32  SCV  
  183  10:37  Ghost  
  183  10:38  Ghost  
  183  10:39  Marine x4  
  183  10:40  Factory Tech Lab  
  183  10:41  Factory Tech Lab  
  191  10:43  Terran Vehicle Weapons Level 2  
  191  10:44  Marine  
  191  10:46  Missile Turret  
  192  10:57  Marine  
  192  11:11  Marine x3  
  193  11:14  Ghost  
  193  11:16  Marauder  
  193  11:18  Terran Infantry Weapons Level 3, Terran Infantry Armor Level 3  
  199  11:31  Command Center  
  199  11:35  Missile Turret  
  199  11:39  Marine x3  
  196  11:49  Ghost  
  177  12:09  Marine, Marauder  
  177  12:10  Marauder  
  143  12:16  Siege Tank x2  
  143  12:17  Marine x3  
  143  12:18  Marauder  
  137  12:23  Siege Tank  
  137  12:27  Marine  
  141  12:31  Marauder x2  
  141  12:35  Marine x2  
  141  12:36  Barracks x2  
  147  12:38  Barracks  
  147  12:39  Marauder  
  147  12:42  Personal Cloaking  
  149  12:46  Marine  
  149  12:47  Marine  
  149  12:48  Siege Tank  
  157  12:51  Siege Tank  
  157  12:52  Marauder x2  
  157  12:53  Marine  
  157  12:55  Siege Tank  
  161  13:01  Marine, Marauder  
  161  13:04  Marine x2  
  148  13:08  Orbital Command  
  148  13:09  Planetary Fortress  
  148  13:14  Marine, Marauder x2  
  148  13:18  Terran Vehicle Weapons Level 3  
  153  13:20  Siege Tank  
  153  13:22  Marauder  
  153  13:23  Siege Tank  
  153  13:26  Barracks Tech Lab x2  
  161  13:27  Siege Tank, Barracks Tech Lab  
  164  13:35  Marauder x2  
  168  13:41  Marine x3  
  168  13:43  Marauder  
  168  13:45  Medivac x2  
  177  13:52  Fusion Core  
  177  13:53  Starport  
  177  13:54  Marine, Siege Tank  
  177  13:55  Marine, Ghost, Starport  
  182  13:56  Ghost, Siege Tank  
  189  14:06  Hi-Sec Auto Tracking, Neosteel Armor  
  189  14:08  Nuke, Ghost  
  191  14:17  Marauder x2  
  178  14:22  Marine x4, Marauder  
  182  14:25  Marauder  
  182  14:28  Siege Tank x2  
  190  14:37  Command Center, Missile Turret  
  190  14:38  Marine  
  190  14:39  Marine  
  192  14:45  Starport Reactor, Starport Tech Lab  
  192  14:51  Marine x4, Marauder x2  
  200  15:17  Command Center  
  200  15:18  Command Center  
  194  15:39  Marine x2  
  194  15:40  Marine x2  
Show
View Real Time Build Order
Export as new Build Order

DnS Protoss 

Build Orders: 1 Gate Expand, Blink Stalkers, Zealot Archon 

Get SALT Encoding   

  12  0:00  Probe  
  13  0:12  Probe  
  14  0:17  Pylon  
  14  0:24  Probe  
  15  0:32  Probe  
  15  0:38  Gateway  
  15  0:40  Probe  
  16  0:48  Assimilator  
  17  0:51  Probe  
  18  1:03  Probe  
  19  1:15  Probe  
  20  1:26  Nexus  
  20  1:36  Cybernetics Core  
  20  1:39  Probe  
  21  1:45  Assimilator  
  21  1:51  Probe  
  22  1:54  Pylon  
  22  2:02  Adept  
  22  2:04  Probe  
  23  2:13  Warp Gate  
  25  2:16  Probe  
  26  2:26  Probe  
  26  2:31  Twilight Council  
  26  2:32  Adept  
  26  2:34  Probe x2  
  28  2:42  Probe x2  
  32  2:52  Probe  
  32  2:54  Probe  
  34  3:00  Blink  
  34  3:02  Adept  
  34  3:04  Probe  
  37  3:07  Probe  
  38  3:16  Probe  
  38  3:19  Probe, Pylon  
  40  3:25  Robotics Facility  
  40  3:28  Probe  
  40  3:31  Probe  
  42  3:35  Stalker  
  44  3:48  Probe  
  42  3:50  Probe  
  42  3:51  Gateway  
  44  3:56  Probe  
  44  4:02  Probe  
  46  4:06  Probe  
  46  4:14  Probe  
  46  4:15  Probe  
  44  4:17  Stalker  
  44  4:21  Observer  
  44  4:23  Probe  
  48  4:26  Probe  
  50  4:32  Pylon  
  50  4:33  Probe  
  50  4:38  Probe  
  52  4:41  Assimilator  
  52  4:42  Nexus  
  52  4:44  Observer x2  
  52  4:45  Probe  
  54  4:48  Pylon  
  54  4:50  Probe  
  55  4:56  Stalker x2  
  55  4:57  Probe  
  58  5:02  Probe  
  58  5:06  Probe  
  56  5:08  Observer  
  56  5:14  Probe x2  
  55  5:23  Probe  
  55  5:26  Probe, Stalker x2  
  61  5:30  Charge  
  61  5:33  Forge  
  61  5:35  Probe  
  61  5:36  Pylon  
  61  5:38  Probe  
  61  5:43  Forge  
  61  5:48  Probe  
  62  5:51  Probe  
  62  5:52  Protoss Ground Armor Level 1  
  62  5:54  Probe  
  64  6:00  Sentry x2, Probe  
  64  6:03  Probe  
  70  6:04  Pylon  
  70  6:07  Probe  
  70  6:08  Pylon  
  71  6:12  Probe  
  71  6:15  Probe  
  72  6:19  Probe  
  72  6:24  Probe, Pylon  
  72  6:25  Gateway  
  74  6:26  Gateway  
  74  6:27  Probe  
  74  6:30  Gateway  
  74  6:31  Probe  
  76  6:34  Gateway  
  76  6:36  Protoss Ground Weapons Level 1, Observer  
  76  6:39  Gateway  
  77  6:41  Probe x2  
  77  6:44  Probe  
  80  6:53  Probe  
  81  6:55  Probe  
  81  6:57  Probe  
  82  7:03  Gateway  
  82  7:05  Nexus  
  82  7:09  Templar Archives  
  82  7:10  Warp Prism  
  82  7:13  Probe x3  
  87  7:20  Zealot x2  
  91  7:32  Probe x2, Photon Cannon  
  91  7:34  Zealot x5  
  104  7:38  Probe  
  104  7:40  Pylon  
  103  7:51  Probe x2  
  103  7:53  High Templar x2  
  103  7:55  High Templar, Protoss Ground Armor Level 2  
  103  7:57  Archon  
  109  8:01  Probe  
  109  8:02  Zealot x3  
  109  8:03  Probe  
  109  8:05  Gateway  
  117  8:07  Gateway, Pylon  
  117  8:09  Immortal, Pylon  
  121  8:24  Stalker x2  
  123  8:37  Protoss Ground Weapons Level 2  
  123  8:40  Zealot x6  
  135  8:43  Pylon  
  135  8:44  Pylon  
  135  8:48  Immortal  
  139  8:55  Gateway  
  139  8:56  Gateway  
  139  9:08  Probe x3  
  143  9:10  Nexus, Probe  
  143  9:14  Pylon  
  143  9:19  Zealot x3  
  143  9:20  Zealot x4  
  143  9:23  Pylon  
  157  9:29  Immortal  
  157  9:39  Stalker x4  
  165  9:46  Pylon  
  165  9:48  Pylon  
  165  9:51  Zealot  
  165  9:52  Zealot x4  
  171  10:02  Stalker  
  171  10:03  Stalker x3  
  174  10:12  Probe x3  
  174  10:13  Probe  
  171  10:17  Assimilator, Stalker x2  
  171  10:18  Assimilator  
  172  10:22  Warp Prism  
  172  10:24  Probe  
  172  10:27  Probe  
  176  10:29  Probe x2  
  176  10:33  Protoss Ground Armor Level 3  
  176  10:34  Probe  
  179  10:36  Probe  
  179  10:37  Photon Cannon  
  179  10:39  Probe  
  181  10:44  Protoss Ground Weapons Level 3  
  181  10:55  Gateway  
  181  10:56  Gateway  
  175  10:58  Gateway  
  175  10:59  Gateway  
  175  11:00  Stalker x2  
  175  11:04  Probe x3  
  175  11:05  Probe x2  
  177  11:16  Probe  
  178  11:19  Zealot x6  
  190  11:33  Zealot x3  
  190  11:34  Zealot  
  190  11:36  Observer, Pylon  
  191  11:50  Zealot x4  
  197  12:01  Immortal  
  197  12:05  Zealot x10  
  175  12:15  Zealot x4  
  99  12:25  High Templar x2  
  99  12:26  High Templar x4  
  99  12:27  Zealot x4  
  99  12:29  Archon  
  115  12:30  Archon x2  
  115  12:36  High Templar x2, Zealot x2  
  123  12:40  Archon  
  123  12:47  Stalker x4  
  129  13:02  Stalker x4  
  129  13:05  Probe x2  
  138  13:14  Zealot, Sentry  
  138  13:17  Probe  
  138  13:18  Probe  
  144  13:20  Zealot  
  144  13:21  Zealot x3  
  152  13:28  Warp Prism  
  152  13:39  Zealot x6  
  152  13:40  Nexus, Sentry  
  158  13:42  Protoss Shields Level 1  
  158  13:53  Zealot x6, Sentry  
  172  13:57  Pylon  
  171  14:05  Stalker x3  
  141  14:17  Observer  
  141  14:19  Immortal  
  141  14:22  High Templar x2  
  141  14:23  Zealot x8  
  141  14:24  Observer  
  145  14:28  Archon  
  146  14:35  Probe  
  147  14:40  Zealot x4  
  149  14:56  High Templar  
  149  14:57  High Templar, Zealot x8  
  156  15:01  Archon  
  156  15:04  Observer  
  156  15:13  Sentry  
  159  15:24  High Templar x2  
  159  15:25  Zealot x9  
  177  15:29  Archon  
  177  15:32  Zealot x2  
  167  15:40  Zealot  
  103  15:47  Zealot x4  
  103  15:48  Zealot x5  
  100  15:52  Zealot x2  
Tags
 
Add a new tag
Caveats
  • Supply blocks, unpowered buildings, or Contaminate may cause inaccurate times.
  • Supply counts are checked every 10 seconds.